HSSL
MAIZE HS @ BISHOP VEROT HS
04/03/2027
 
TOP OF THE 1ST
Maize HS batting - Pitching for Bishop Verot HS : LHP Ron Orr
Pitching: LHP Ron Orr
Batting: LHB Ed Nelson 0-0: Foul Ball, location: 2F
0-1: Ball
1-1: Ball
2-1: Ground out 4-3 (Groundball, 34)
Batting: SHB Tony Morrison 0-0: Ball
1-0: Called Strike
1-1: Ball
2-1: Ball
3-1: Base on Balls
Batting: LHB Seth Sullivan 0-0: Ball
Tony Morrison steals 2nd base
1-0: Foul Ball, location: 2F
1-1: Ball
2-1: Foul Ball, location: 2F
2-2: Ball
3-2: Foul Ball, location: 2F
3-2: Ground out 6-3 (Groundball, 6)
Batting: SHB Álex Vega 0-0: Ball
1-0: Ground out 6-3 (Groundball, 6)
Top of the 1st over - 0 run(s), 0 hit(s), 0 error(s), 1 left on base; Maize HS 0 - Bishop Verot HS 0
BOTTOM OF THE 1ST
Bishop Verot HS batting - Pitching for Maize HS : LHP Rubén Gutiérrez
Pitching: LHP Rubén Gutiérrez
Batting: LHB Jim Hall 0-0: Called Strike
0-1: Ball
1-1: SINGLE (Groundball, 4MD)
Batting: RHB Chris Seals 0-0: Ball
1-0: Fly out, F3 (Line Drive, 3)
Batting: LHB Mike MacNamara 0-0: Called Strike
0-1: Ball
1-1: Swinging Strike
1-2: Foul Ball, location: 2F
1-2: Strikes out swinging
Batting: RHB Bob Fitzgerald 0-0: Foul Ball, location: 2F
0-1: SINGLE (Line Drive, 89S)
Jim Hall to second
Runner from 2nd tries for 3rd, SAFE, no throw
Batting: LHB Mitch Morales 0-0: Ball
1-0: Called Strike
1-1: Called Strike
1-2: Strikes out swinging
Bottom of the 1st over - 0 run(s), 2 hit(s), 0 error(s), 2 left on base; Maize HS 0 - Bishop Verot HS 0
TOP OF THE 2ND
Maize HS batting - Pitching for Bishop Verot HS : LHP Ron Orr
Batting: RHB Pedro Casillas 0-0: Ball
1-0: Swinging Strike
1-1: SINGLE (Flyball, 7LM)
Batting: RHB Fletcher Richardson 0-0: Called Strike
0-1: Ball
1-1: Ball
2-1: Foul Ball, location: 2F
2-2: Ball
3-2: Foul Ball, location: 2F
3-2: Base on Balls
Pedro Casillas to second
Batting: RHB Frank Reed 0-0: Ball
1-0: Ball
2-0: SINGLE (Line Drive, 56D)
Pedro Casillas to third
Fletcher Richardson to second
Batting: RHB Nelson Martínez 0-0: Ball
1-0: Called Strike
1-1: Fly out, F8 (Line Drive, 8LM)
Runner from 3rd tags up, OUT at HOME
Fletcher Richardson to third
Frank Reed to second
Batting: LHB Chad Aguilar 0-0: Reached on error, E3 (Groundball, 3)
Fletcher Richardson scores
Frank Reed to third
Batting: LHB Ed Nelson 0-0: Ball
1-0: Swinging Strike
1-1: Called Strike
1-2: Ball
2-2: Strikes out looking
Top of the 2nd over - 1 run(s), 2 hit(s), 1 error(s), 2 left on base; Maize HS 1 - Bishop Verot HS 0
BOTTOM OF THE 2ND
Bishop Verot HS batting - Pitching for Maize HS : LHP Rubén Gutiérrez
Batting: RHB Brian Bailey 0-0: Ball
1-0: Fly out, F8 (Flyball, 89M)
Batting: RHB James Venables 0-0: Called Strike
0-1: Called Strike
0-2: SOLO HOME RUN (Flyball, 7D), Distance : 382 ft
Batting: RHB George Lutz 0-0: Ground out 4-3 (Groundball, 4D)
Batting: RHB Carson Allen 0-0: Ball
1-0: Ground out 6-3 (Groundball, 6)
Bottom of the 2nd over - 1 run(s), 1 hit(s), 0 error(s), 0 left on base; Maize HS 1 - Bishop Verot HS 1
TOP OF THE 3RD
Maize HS batting - Pitching for Bishop Verot HS : LHP Ron Orr
Batting: SHB Tony Morrison 0-0: Ball
1-0: Ball
2-0: Called Strike
2-1: Swinging Strike
2-2: Ball
3-2: Reached on error, E3 (Groundball, 34S)
Batting: LHB Seth Sullivan 0-0: Ball
1-0: Called Strike
1-1: Fielders Choice at 2nd, 4-6 (Groundball, 4)
Batting: SHB Álex Vega 0-0: Ball
1-0: Ball
2-0: Grounds into double play, 6-4-3 (Groundball, 56)
Top of the 3rd over - 0 run(s), 0 hit(s), 1 error(s), 0 left on base; Maize HS 1 - Bishop Verot HS 1
BOTTOM OF THE 3RD
Bishop Verot HS batting - Pitching for Maize HS : LHP Rubén Gutiérrez
Batting: LHB Jim Hall 0-0: Swinging Strike
0-1: Ball
1-1: Called Strike
1-2: Foul Ball, location: 2F
1-2: Strikes out swinging
Batting: RHB Chris Seals 0-0: Called Strike
0-1: Ground out 5-3 (Groundball, 56)
Batting: LHB Mike MacNamara 0-0: Foul Ball, location: 2F
0-1: Ball
1-1: Ground out 5-3 (Groundball, 5D)
Bottom of the 3rd over - 0 run(s), 0 hit(s), 0 error(s), 0 left on base; Maize HS 1 - Bishop Verot HS 1
TOP OF THE 4TH
Maize HS batting - Pitching for Bishop Verot HS : LHP Ron Orr
Batting: RHB Pedro Casillas 0-0: Called Strike
0-1: Ball
1-1: Ball
2-1: Foul Ball, location: 2F
2-2: Ball
3-2: SINGLE (Groundball, 6MS) (infield hit)
Batting: RHB Fletcher Richardson 0-0: Ball
1-0: Fly out, F6 (Popup, 6)
Batting: RHB Frank Reed 0-0: Ball
1-0: Foul Ball, location: 2F
1-1: Fly out, F7 (Line Drive, 7)
Batting: RHB Nelson Martínez 0-0: Foul Ball, location: 2F
0-1: Swinging Strike
0-2: 2-RUN HOME RUN (Flyball, 78XD) (Inside the Park)
Batting: LHB Chad Aguilar 0-0: Called Strike
0-1: Foul Ball, location: 2F
0-2: Strikes out swinging
Top of the 4th over - 2 run(s), 2 hit(s), 0 error(s), 0 left on base; Maize HS 3 - Bishop Verot HS 1
BOTTOM OF THE 4TH
Bishop Verot HS batting - Pitching for Maize HS : LHP Rubén Gutiérrez
Batting: RHB Bob Fitzgerald 0-0: Ball
1-0: Ball
2-0: Single, Error in OF, E7, batter to second base
Batting: LHB Mitch Morales 0-0: Foul Ball, location: 2F
0-1: Ball
1-1: Fly out, F7 (Flyball, 7)
Batting: RHB Brian Bailey 0-0: Ball
1-0: Foul Ball, location: 2F
1-1: Swinging Strike
1-2: Foul Ball, location: 2F
1-2: Ball
2-2: SINGLE (Popup, 4D)
Bob Fitzgerald to third
Runner from 3rd tries for Home, SAFE, throw made home
Brian Bailey to second
Batting: RHB James Venables 0-0: Ball
1-0: Ball
2-0: Called Strike
2-1: Foul Ball, location: 2F
2-2: Foul Ball, location: 2F
2-2: SINGLE (Groundball, 4) (infield hit)
Brian Bailey to third
Batting: RHB George Lutz 0-0: Foul Ball, location: 2F
0-1: Swinging Strike
0-2: Ball
1-2: Strikes out swinging
Batting: RHB Carson Allen 0-0: Ball
1-0: Foul Ball, location: 2F
1-1: DOUBLE (Line Drive, 89D)
Brian Bailey scores
James Venables to third
Runner from 3rd tries for Home, throw and OUT!
Bottom of the 4th over - 2 run(s), 4 hit(s), 1 error(s), 1 left on base; Maize HS 3 - Bishop Verot HS 3
TOP OF THE 5TH
Maize HS batting - Pitching for Bishop Verot HS : LHP Ron Orr
Batting: LHB Ed Nelson 0-0: Ball
1-0: Foul Ball, location: 2F
1-1: Fly out, F7 (Flyball, 7LS)
Batting: SHB Tony Morrison 0-0: Ball
1-0: Ball
2-0: Swinging Strike
2-1: Ground out 4-3 (Groundball, 4)
Batting: LHB Seth Sullivan 0-0: Called Strike
0-1: Swinging Strike
0-2: Ball
1-2: Fly out, F7 (Line Drive, 78M)
Top of the 5th over - 0 run(s), 0 hit(s), 0 error(s), 0 left on base; Maize HS 3 - Bishop Verot HS 3
BOTTOM OF THE 5TH
Bishop Verot HS batting - Pitching for Maize HS : LHP Rubén Gutiérrez
Batting: LHB Jim Hall 0-0: SOLO HOME RUN (Flyball, 89XD), Distance : 389 ft
Batting: RHB Chris Seals 0-0: Ball
1-0: Called Strike
1-1: Swinging Strike
1-2: Strikes out swinging
Batting: LHB Mike MacNamara 0-0: Ball
1-0: Ground out 5-3 (Groundball, 56)
Batting: RHB Bob Fitzgerald 0-0: Ball
1-0: Swinging Strike
1-1: Foul Ball, location: 2F
1-2: SINGLE (Line Drive, 34D)
Batting: LHB Mitch Morales 0-0: Ball
1-0: Called Strike
1-1: Swinging Strike
1-2: Foul Ball, location: 2F
1-2: DOUBLE (Line Drive, 9)
Bob Fitzgerald to third
Runner from 3rd tries for Home, SAFE, throw made home
Batting: RHB Brian Bailey 0-0: Ball
1-0: Called Strike
1-1: Ball
2-1: Ball
3-1: Foul Ball, location: 2F
3-2: Foul Ball, location: 2F
3-2: Strikes out looking
Bottom of the 5th over - 2 run(s), 3 hit(s), 0 error(s), 1 left on base; Maize HS 3 - Bishop Verot HS 5
TOP OF THE 6TH
Maize HS batting - Pitching for Bishop Verot HS : LHP Ron Orr
Pitching: RHP Will Clark
Batting: SHB Álex Vega 0-0: Ball
1-0: Foul Ball, location: 2F
1-1: Ball
2-1: Foul Ball, location: 2F
2-2: Strikes out looking
Batting: RHB Pedro Casillas 0-0: Ball
1-0: Ball
2-0: Called Strike
2-1: Foul Ball, location: 2F
2-2: Strikes out swinging
Batting: RHB Fletcher Richardson 0-0: Ball
1-0: Foul Ball, location: 2F
1-1: Ball
2-1: Ball
3-1: Fly out, F7 (Flyball, 7LMF)
Top of the 6th over - 0 run(s), 0 hit(s), 0 error(s), 0 left on base; Maize HS 3 - Bishop Verot HS 5
BOTTOM OF THE 6TH
Bishop Verot HS batting - Pitching for Maize HS : LHP Rubén Gutiérrez
Pitching: RHP Roger Grant
Batting: RHB James Venables 0-0: Ground out 6-3 (Groundball, 6)
Batting: RHB George Lutz 0-0: Ball
1-0: SINGLE (Flyball, 78M)
Batting: RHB Carson Allen 0-0: DOUBLE (Flyball, 78M)
George Lutz to third
Batting: LHB Jim Hall 0-0: Called Strike
0-1: Fly out, F8 (Flyball, 8RM)
Runner from 3rd tags up, SCORES, throw made
Batting: RHB Chris Seals 0-0: Foul Ball, location: 2F
0-1: Ball
1-1: Called Strike
1-2: Ball
2-2: Strikes out swinging
Bottom of the 6th over - 1 run(s), 2 hit(s), 0 error(s), 1 left on base; Maize HS 3 - Bishop Verot HS 6
TOP OF THE 7TH
Maize HS batting - Pitching for Bishop Verot HS : RHP Will Clark
Batting: RHB Frank Reed 0-0: Called Strike
0-1: Ball
1-1: Fly out, F7 (Flyball, 7LD)
Batting: RHB Nelson Martínez 0-0: Called Strike
0-1: Swinging Strike
0-2: Ball
1-2: Foul Ball, location: 2F
1-2: Foul Ball, location: 2F
1-2: Strikes out swinging
Batting: LHB Chad Aguilar 0-0: SINGLE (Groundball, 6D)
Batting: LHB Ed Nelson 0-0: Ball
1-0: Ball
2-0: SINGLE (Groundball, 6D)
Chad Aguilar to second
Batting: SHB Tony Morrison 0-0: Ball
1-0: Fly out, F6 (Popup, 56D)
Top of the 7th over - 0 run(s), 2 hit(s), 0 error(s), 2 left on base; Maize HS 3 - Bishop Verot HS 6
BOTTOM OF THE 7TH
Bishop Verot HS batting - Pitching for Maize HS : RHP Roger Grant
Batting: LHB Mike MacNamara 0-0: SINGLE (Line Drive, 9S)
Batting: RHB Bob Fitzgerald 0-0: Ball
1-0: Foul Ball, location: 2F
1-1: Called Strike
1-2: Foul Ball, location: 2F
1-2: Ground out 5-3 (Groundball, 56S)
Mike MacNamara to second
Batting: LHB Mitch Morales 0-0: Ball
1-0: Ball
2-0: Ball
3-0: Called Strike
3-1: Foul Ball, location: 2F
3-2: Fly out, F8 (Flyball, 8RM)
Batting: RHB Brian Bailey 0-0: Ball
1-0: Called Strike
1-1: Called Strike
1-2: Ball
2-2: Strikes out looking
Bottom of the 7th over - 0 run(s), 1 hit(s), 0 error(s), 1 left on base; Maize HS 3 - Bishop Verot HS 6
TOP OF THE 8TH
Maize HS batting - Pitching for Bishop Verot HS : RHP Will Clark
Pitching: LHP Tony Molina
Now in RF: Pedro Padilla
Batting: LHB Seth Sullivan 0-0: Foul Ball, location: 2F
0-1: Ball
1-1: Ball
2-1: Ground out 1-3 (Groundball, 13)
Batting: SHB Álex Vega 0-0: Ball
1-0: Ball
2-0: Called Strike
2-1: Ball
3-1: Swinging Strike
3-2: Strikes out looking
Batting: RHB Pedro Casillas 0-0: Foul Ball, location: 2F
0-1: Foul Ball, location: 2F
0-2: Ball
1-2: Strikes out swinging
Top of the 8th over - 0 run(s), 0 hit(s), 0 error(s), 0 left on base; Maize HS 3 - Bishop Verot HS 6
BOTTOM OF THE 8TH
Bishop Verot HS batting - Pitching for Maize HS : RHP Roger Grant
Batting: RHB James Venables 0-0: Ball
1-0: Fly out, F9 (Flyball, 9S)
Batting: RHB George Lutz 0-0: Swinging Strike
0-1: Ball
1-1: Foul Ball, location: 2F
1-2: Ball
2-2: Fly out, F9 (Flyball, 89M)
Batting: RHB Carson Allen 0-0: Foul Ball, location: 2F
0-1: SINGLE (Groundball, 4MD)
Batting: LHB Jim Hall 0-0: Called Strike
0-1: SINGLE (Groundball, 4D)
Carson Allen to second
Runner from 2nd tries for 3rd, OUT!
Bottom of the 8th over - 0 run(s), 2 hit(s), 0 error(s), 1 left on base; Maize HS 3 - Bishop Verot HS 6
TOP OF THE 9TH
Maize HS batting - Pitching for Bishop Verot HS : LHP Tony Molina
Pitching: RHP Dawson Ball
Batting: RHB Fletcher Richardson 0-0: Called Strike
0-1: Swinging Strike
0-2: Ball
1-2: Foul Ball, location: 2F
1-2: Strikes out swinging
Batting: RHB Frank Reed 0-0: Foul Ball, location: 2F
0-1: Called Strike
0-2: Ball
1-2: Foul Ball, location: 2F
1-2: Ball
2-2: Ball
3-2: Foul Ball, location: 2F
3-2: Foul Ball, location: 2F
3-2: Strikes out looking
Batting: RHB Nelson Martínez 0-0: Ball
1-0: Ball
2-0: Swinging Strike
2-1: Swinging Strike
2-2: Foul Ball, location: 2F
2-2: Ball
3-2: Strikes out swinging
Top of the 9th over - 0 run(s), 0 hit(s), 0 error(s), 0 left on base; Maize HS 3 - Bishop Verot HS 6
Thursday, March 30th, 2017 - OOTP Baseball 17.12 Build 75